 Dungeon Crawl Stone Soup version 0.22-a0-772-gac08f70 (webtiles) character file.

93 tsouns the Bolt Thrower (level 4, 0/39 HPs)
             Began as a Deep Dwarf Hunter on July 17, 2018.
             Killed from afar by a dart slug (4 damage)
             ... with a slug dart
             ... on level 3 of the Dungeon.
             The game lasted 00:05:09 (1291 turns).

tsouns the Bolt Thrower (Deep Dwarf Hunter)         Turns: 1291, Time: 00:05:10

Health: 0/39       AC:  7    Str: 15    XL:     4   Next: 36%
Magic:  4/4        EV: 11    Int: 13    God:
Gold:   135        SH:  0    Dex: 13    Spells: 3/3 levels left

rFire    . . .     SeeInvis .   i - -1 hunting sling (curse)
rCold    . . .     Gourm    .   (no shield)
rNeg     . . .     Faith    .   g - +1 ring mail
rPois    .         Spirit   .   k - +1 hat
rElec    .         Reflect  .   n - scarf {cloud immunity}
rCorr    .         Harm     .   (no gloves)
MR       .....                  (no boots)
Stlth    +.........             (no amulet)
HPRegen  0.00/turn              (no ring)
MPRegen  0.09/turn              (no ring)

@: non-regenerating
A: damage resistance, heal wounds, sense surroundings 1, no regeneration
a: Heal Wounds


You were on level 3 of the Dungeon.
You were not hungry.

You visited 1 branch of the dungeon, and saw 3 of its levels.

You collected 135 gold pieces.

Inventory:

Hand Weapons
 a - a +1 hand crossbow
 b - a +0 short sword
 i - a cursed -1 hunting sling (weapon)
 m - a +0 hand axe
Missiles
 d - 14 bolts
 j - 41 stones (quivered)
Armour
 c - a +0 leather armour
 g - a +1 ring mail (worn)
 k - a +1 hat (worn)
 l - a +0 cloak
 n - a scarf of cloud immunity (worn)
Potions
 e - 2 potions of curing {unknown}
 h - a potion of haste {unknown}
Comestibles
 f - 5 rations


   Skills:
 + Level 2.1 Fighting
 + Level 0.4 Short Blades
 + Level 1.7 Slings
 + Level 5.3 Crossbows
 + Level 1.0 Armour
 + Level 2.3 Dodging
 + Level 2.0 Stealth


You had 3 spell levels left.
You didn't know any spells.
Your spell library was empty.

Dungeon Overview and Level Annotations

Branches:
Dungeon (3/15)

Altars:


Innate Abilities, Weirdness & Mutations

You are resistant to damage.
You can heal yourself by infusing magical energy.
You passively map a small area around you.
You do not regenerate.


Message History

Firing (i - inventory)
j - 44 stones (quivered)
Press: ? - help, Shift-Dir - straight line, f - dart slug
Aim: a dart slug (clinging)
You shoot a stone. The stone hits the dart slug.
The dart slug is heavily wounded.
Unknown command.
Firing (i - inventory)
j - 43 stones (quivered)
Press: ? - help, Shift-Dir - straight line, f/p - dart slug
Aim: a dart slug (heavily wounded, clinging)
You shoot a stone.
The stone completely misses the dart slug.
Unknown command.
Firing (i - inventory)
j - 42 stones (quivered)
Press: ? - help, Shift-Dir - straight line, f/p - dart slug
Aim: a dart slug (heavily wounded, clinging)
You shoot a stone. The stone hits the dart slug.
The dart slug is almost dead.
The dart slug launches a dart at you. The slug dart hits you!
You die...

* * #.. * * * ,
.,###..## * * ,, *
#.#.....#** ,*
###.w(....., *
#....(....# ,
#.#*#<....# * ,**
#.# #.....#
##.####.#######.#
,.......<.@w(...(#
*
##.###...########
, #.#.# * #.#.# *
* , , ,..#.., * *
* * ####### , ,* ,
*, * , , *


You could see a dart slug.

Vanquished Creatures
  A hound skeleton (D:2)
  2 adders (D:2)
  An ooze (D:1)
  An adder skeleton (D:2)
  An adder zombie (D:2)
  A worm (D:2)
  A dart slug (D:1)
  A ball python (D:2)
  A bat zombie (D:2)
  A giant cockroach (D:3)
  6 goblins
  4 hobgoblins
  3 jackals
  4 kobolds (D:2)
  2 quokkas (D:2)
  4 bats (D:2)
  5 frilled lizards
  A jackal skeleton (D:2)
  A leopard gecko zombie (D:2)
  7 rats
48 creatures vanquished.

Notes
Turn   | Place    | Note
-------+----------+-------------------------------------------
     0 | D:1      | tsouns the Deep Dwarf Hunter began the quest for the Orb.
     0 | D:1      | Reached XP level 1. HP: 19/19 MP: 1/1
    68 | D:1      | Reached XP level 2. HP: 8/26 MP: 2/2
   270 | D:1      | Reached skill level 5 in Crossbows
   419 | D:2      | Reached XP level 3. HP: 10/32 MP: 3/3
  1125 | D:2      | Reached XP level 4. HP: 11/39 MP: 4/4
  1138 | D:2      | Reached skill level 1 in Slings
  1218 | D:2      | Reached skill level 1 in Armour
  1291 | D:3      | Killed from afar by a dart slug

Vault maps used:
D:1:      dpeg_arrival_rooms_a
D:2:      serial_undead, serial_undead_d, serial_undead_d, serial_undead_c,
          serial_undead_b, serial_undead_e, serial_undead_d, serial_undead_e,
          serial_undead_d, kennysheep_generic_room_8
D:3:      first_ration, uniq_robin

Skill      XL: |  1  2  3  4 |
---------------+-------------+-----
Crossbows      | 5 |  5.3
Fighting       | 2 |  2.1
Stealth        | 2 |  2.0
Slings         | 1 |  1.7
Armour         | 1 |  1.0
Short Blades   | |  0.4
Dodging        | |  2.3

Action                   |  1- 3 |  4- 6 || total
-------------------------+-------+-------++-------
Melee: Short sword       |    15 |       ||    15
 Fire: Hand crossbow     |    46 |       ||    46
       Hunting sling     |    47 |    44 ||    91
  Use: Scroll            |     1 |     1 ||     2
 Stab: Sleeping          |     1 |       ||     1
  Eat: Chunk             |       |     1 ||     1
Armor: Leather armour    |     2 |       ||     2
       Ring mail         |    31 |    11 ||    42
Dodge: Dodged            |    43 |    21 ||    64

Table legend:
 A = Spawn XP
 B = Non-spawn XP
 C = Spawn XP percentage of total XP
 D = Spawn monster count
 E = Non-spawn monster count
 F = Spawn count percentage of total count
 G = Total turns spent on level
                    A         B        C        D         E        F      G
               +---------+---------+-------+---------+---------+-------+---------
         Total |       0 |     133 |   0.0 |       0 |      48 |   0.0 |  1291
               +---------+---------+-------+---------+---------+-------+---------
           D:1 |       0 |      29 |   0.0 |       0 |      13 |   0.0 |   310
           D:2 |       0 |     100 |   0.0 |       0 |      33 |   0.0 |   946
           D:3 |       0 |       4 |   0.0 |       0 |       2 |   0.0 |    35
               +---------+---------+-------+---------+---------+-------+---------
